 Dungeon Crawl Stone Soup version 0.30.0-29-ga12c61a403 (webtiles) character file.

Game seed: 5618704549523665143

844 MacCMillion the Caller (level 8, -6/48 HPs)
             Began as a Tengu Summoner on June 7, 2023.
             Killed by divine providence
             ... invoked by an orc priest
              (14 damage)
             ... on level 4 of the Dungeon.
             The game lasted 00:15:31 (3944 turns).

MacCMillion the Caller (Tengu Summoner)             Turns: 3944, Time: 00:15:32

Health: -6/48      AC:  2    Str:  8    XL:     8   Next: 0%
Magic:  14/22      EV: 17    Int: 18    God:
Gold:   181        SH:  0    Dex: 15    Spells: 7/13 levels left

rFire   . . .        z - +2 dagger (freeze)
rCold   + . .        (no shield)
rNeg    . . .        a - +0 robe
rPois   .            (helmet restricted)
rElec   .            (no cloak)
rCorr   .            (no gloves)
SInv    .            (boots unavailable)
Will    .....        k - amulet of the acrobat
Stlth   ++           f - ring of magical power
HPRegen 0.28/turn    n - ring of protection from cold
MPRegen 0.18/turn

%: acrobat
@: flying quickly and evasively, quick
A: beak, talons 3, nimble flight
a: no special abilities


You were on level 4 of the Dungeon.
You visited 1 branch of the dungeon, and saw 4 of its levels.
You also visited: Ossuary.

You collected 181 gold pieces.

Inventory:

Hand Weapons
 c - a +0 dagger
 s - a +1 dagger of holy wrath
 z - a +2 dagger of freezing (weapon)
Armour
 a - a +0 robe (worn)
Jewellery
 f - a ring of magical power (left hand)
 i - a ring of ice
 k - an amulet of the acrobat (around neck)
 n - a ring of protection from cold (right hand)
 u - a ring of wizardry
 y - a +6 ring of dexterity
Wands
 p - a wand of flame (9)
 q - a wand of roots (3)
Scrolls
 e - 2 scrolls of fog {unknown}
 l - 2 scrolls of vulnerability {unknown}
 m - a scroll of brand weapon {unknown}
 v - a scroll of poison {unknown}
 w - a scroll of enchant weapon {unknown}
 x - 2 scrolls of magic mapping {unknown}
 A - a scroll of enchant armour {unknown}
 B - a scroll of noise {unknown}
Potions
 b - a potion of magic
 d - 2 potions of degeneration
 g - a potion of resistance {unknown}
 h - 2 potions of brilliance {unknown}
 j - a potion of heal wounds {unknown}
 o - a potion of berserk rage {unknown}
 r - 3 potions of might
 t - 2 potions of cancellation
 C - a potion of ambrosia {unknown}
 D - a potion of curing {unknown}


   Skills:
 + Level 4.8 Fighting
 + Level 6.0 Dodging
 - Level 2.0 Stealth
 - Level 3.0 Spellcasting
 - Level 7.0 Summonings


You had 7 spell levels left.
You knew the following spells:

 Your Spells              Type           Power      Damage    Failure   Level
a - Summon Small Mammal   Summ           100%       N/A       1%          1
b - Call Imp              Summ           54%        N/A       1%          2
c - Call Canine Familiar  Summ           27%        N/A       2%          3

Your spell library contained the following spells:

 Spells                   Type           Power      Damage    Failure   Level
 Summon Guardian Golem    Hex/Summ       15%        N/A       12%         3
 Slow                     Hex            8%         N/A       16%         1
 Summon Lightning Spire   Summ/Air       15%        N/A       36%         4
 Confusing Touch          Hex            2%         N/A       43%         3
 Hailstorm                Conj/Ice       2%         3d3       43%         3
 Vampiric Draining        Necr           2%         2d6       43%         3
 Ice Form                 Ice/Tmut       2%         N/A       85%         4
 Simulacrum               Ice/Necr       1%         N/A       100%        6


Dungeon Overview and Level Annotations

Branches:
Dungeon (4/15)            Ossuary (visited)
 Temple: D:4-7

Altars:
Trog
Uskayaw

Shops:
D:2 :


Innate Abilities, Weirdness & Mutations

You have a beak for a mouth.
You have claws for feet.
Your magical nature lets you fly swiftly and evasively.


Message History

The howler monkey misses you.
Your hound bites the howler monkey but does no damage.
You swap places.
Your hound bites the howler monkey.
The howler monkey hits your hound.
Your hound dies!
Your hound's corpse disappears in a puff of smoke!
The howler monkey howls!
The howler monkey closely misses your cerulean imp.
Your cerulean imp hits the howler monkey with a -2 spear.
The howler monkey hits your cerulean imp.
Your cerulean imp closely misses the howler monkey.
The howler monkey hoots and howls with incredible vigour!
Your cerulean imp hits the howler monkey with a -2 spear.
The howler monkey hits your cerulean imp.
Your cerulean imp closely misses the howler monkey.
The howler monkey hits your cerulean imp.
Your cerulean imp dies!
Your cerulean imp disappears in a puff of smoke!
The orc priest miscasts a cantrip.
The howler monkey howls!
There is a stone staircase leading up here.
Casting: Call Imp (safe; 1% risk of failure)
Confirm with . or Enter, or press ? or * to list all spells.
The orc priest invokes the aid of Beogh against you.
Beogh smites you!
Your hound bites the howler monkey.
The howler monkey hits your hound.
Your hound bites the howler monkey.
The howler monkey dies!
A ball python comes into view.
The orc priest mumbles some strange prayers to Beogh against you.
Beogh smites you!
* * * LOW HITPOINT WARNING * * *
Your hound bites the orc.
Your Dodging skill increases to level 6!
You have reached level 8!
You feel clever.
Your hound closely misses the orc.
The orc barely misses your hound.
The orc priest invokes the aid of Beogh against you.
Beogh smites you!
You die...

###.####..##.#######.
.....
.........##.#######.
#h..#
#.###..#...........
#...#
#.......###########
...# ###.........#
##ยง.# #..######.#
o..# #..# #.#
#o######..# #.#
#oS..oh@..# ##.#
#.######.## #..# #.#
#.# ####..# #.# #.#
#.....# #.# #.#
#.....### ..# #.#
#.......# #.. ..#
#.......# ### .#
#.......#####
#..........[.


You could see an orc priest, an orc wizard, an orc (distracted, ally target), a
ball python and a friendly hound (summoned).

Vanquished Creatures
  An elf zombie (Ossuary)
  A centaur zombie (Ossuary)
  2 human zombies (Ossuary)
  2 hound zombies (Ossuary)
  An adder (D:2)
  An endoplasm (D:1)
  A hobgoblin (D:2)
  A quokka (D:1)
  A bat (D:1)
  A kobold zombie (Ossuary)
  A quokka zombie (Ossuary)
13 creatures vanquished.

Vanquished Creatures (collateral kills)
  A phantom (D:4)
  A howler monkey (D:4)
  2 hounds (D:4)
  A human zombie (Ossuary)
  Terence (D:2)
  An iguana (D:4)
  2 orc wizards (D:4)
  Natasha (D:3)
  3 hound zombies (Ossuary)
  3 mummies (Ossuary)
  3 gnolls (D:4)
  2 adders
  An ufetubus (D:4)
  An adder zombie (Ossuary)
  3 worms
  A dart slug (D:4)
  12 orcs
  8 endoplasms
  A gnoll zombie (Ossuary)
  6 goblins
  5 hobgoblins
  3 jackals (D:3)
  7 kobolds
  A quokka (D:3)
  7 ball pythons
  3 bats
  5 goblin zombies (Ossuary)
  3 hobgoblin zombies (Ossuary)
  3 jackal zombies (Ossuary)
  2 kobold zombies (Ossuary)
  2 orc zombies (Ossuary)
  2 quokka zombies (Ossuary)
  6 rats
  4 rat zombies (Ossuary)
107 creatures vanquished.

Vanquished Creatures (others)
  Sigmund (D:2)
  An orc wizard (D:4)
2 creatures vanquished.

Grand Total: 122 creatures vanquished

Notes
Turn   | Place    | Note
-------+----------+-------------------------------------------
     0 | D:1      | MacCMillion the Tengu Summoner began the quest for the Orb.
     0 | D:1      | Reached XP level 1. HP: 10/10 MP: 4/4
   179 | D:1      | Reached skill level 5 in Summonings
   239 | D:1      | Reached XP level 2. HP: 15/15 MP: 6/6
   441 | D:1      | Found a faded altar of an unknown god.
   857 | D:1      | Learned a level 2 spell: Call Imp
   866 | D:2      | Reached XP level 3. HP: 13/19 MP: 7/7
   982 | D:2      | Learned a level 3 spell: Call Canine Familiar
  1039 | D:2      | Found Sianir's Book Shoppe.
  1312 | D:2      | Noticed Sigmund
  1336 | D:2      | Noticed Terence
  1339 | D:2      | Reached XP level 4. HP: 24/24 MP: 9/9
  1583 | D:2      | You fall into a shaft and drop 1 floor!
  1729 | D:2      | Killed Sigmund
  1730 | D:2      | Reached skill level 6 in Summonings
  1730 | D:2      | Gained mutation: Your magical nature lets you fly swiftly
                  | and evasively. [Tengu growth]
  1730 | D:2      | Reached XP level 5. HP: 28/28 MP: 7/10
  1750 | D:2      | Killed Terence
  1751 | D:2      | Reached skill level 7 in Summonings
  2206 | D:3      | Found a hide-covered altar of Uskayaw.
  2257 | D:3      | Found a bloodstained altar of Trog.
  2262 | D:3      | Noticed Natasha
  2275 | D:3      | Killed Natasha
  2276 | D:3      | Reached skill level 1 in Fighting
  2756 | D:4      | Reached XP level 6. HP: 35/35 MP: 11/11
  2997 | D:4      | Found a sand-covered staircase.
  3065 | Ossuary  | Entered an ossuary
  3119 | Ossuary  | Reached XP level 7. HP: 41/41 MP: 12/12
  3254 | Ossuary  | Reached skill level 5 in Dodging
  3944 | D:4      | Reached XP level 8. HP: 8/48 MP: 13/13
  3944 | D:4      | Killed from afar by an orc priest

Illustrated notes

Levels and vault maps discovered:
D:1:      minmay_arrival_three_doors, layout_basic,
          ebering_ecumenical_altar_mist, hangedman_decor_riveting,
          minmay_tree_intersection, minmay_misc_feat_cross
D:2:      layout_rooms, serial_shops, nicolae_book_shop_shelving, minivault_25,
          chequers_mini_garden, uniq_terence, uniq_sigmund
D:3:      layout_basic, bloody_trog, nicolae_uskayaw_suspiria, uniq_natasha
D:4:      layout_loops_ring, enter_ossuary_1, dk_noncrumbling_2

Skill      XL: |  1  2  3  4  5  6  7 |
---------------+----------------------+-----
Summonings     | 5 6 7 |  7.0
Spellcasting   | 3 |  3.0
Fighting       | 1 3 4 |  4.8
Dodging        | 3 4 6 |  6.0
Stealth        | |  2.0

Action                     |  1- 3 |  4- 6 |  7- 9 || total
---------------------------+-------+-------+-------++-------
  Melee: Dagger            |    15 |     5 |    34 ||    54
         Kick              |     6 |     2 |    17 ||    25
         Peck              |     2 |       |    10 ||    12
   Cast: Summon Small Mamm |    43 |     5 |       ||    48
         Call Imp          |     7 |    20 |    11 ||    38
         Call Canine Famil |     2 |    27 |    21 ||    50
    Use: Scroll            |       |       |     3 ||     3
 Armour: Robe              |     7 |     1 |     1 ||     9
  Dodge: Dodged            |    26 |    16 |    25 ||    67
